 Dungeon Crawl Stone Soup version 0.29.1-15-g9cfb28693d (webtiles) character file.

Game seed: 9249094771494933242

80 LustLizard the Ruffian (level 3, -4/28 HPs)
             Began as a Demigod Transmuter on Mar 27, 2023.
             Slain by Grinder (5 damage)
             ... on level 3 of the Dungeon.
             The game lasted 00:04:10 (3092 turns).

LustLizard the Ruffian (Demigod Transmuter)         Turns: 3092, Time: 00:04:11

Health: -4/28      AC:  3    Str: 15    XL:     3   Next: 98%
Magic:  6/8        EV: 12    Int: 15    God:
Gold:   85         SH:  0    Dex: 14    Spells: 3/6 levels left

rFire   . . .      SeeInvis .     - Unarmed
rCold   . . .      Faith    .   (no shield)
rNeg    . . .      Spirit   .   a - +0 robe
rPois   .          Reflect  .   (helmet currently unavailable)
rElec   .          Harm     .   f - +0 cloak
rCorr   .          Rampage  .   (no gloves)
Will    .....                   (boots currently unavailable)
Stlth   +.........              (no amulet)
HPRegen 0.09/turn               (no ring)
MPRegen 0.11/turn               (no ring)

@: appendages (expiring), wereblooded
A: horns 2, talons 2, high MP 1, forlorn, divine attributes
a: End Transformation


You were on level 3 of the Dungeon.
You had temporarily grown beastly horns and talons.
You visited 1 branch of the dungeon, and saw 3 of its levels.

You collected 85 gold pieces.

Inventory:

Missiles
 j - a throwing net
Armour
 a - a +0 robe (worn)
 f - a +0 cloak (worn)
Scrolls
 c - a scroll of blinking {unknown}
 e - 3 scrolls of identify {unknown}
 h - a scroll of amnesia {unknown}
 k - a scroll of magic mapping {unknown}
 l - a scroll of teleportation {unknown}
 m - a scroll of butterflies {unknown}
Potions
 b - a potion of lignification
 g - 2 potions of berserk rage {unknown}
 i - a potion of flight {unknown}
 n - a potion of attraction {unknown}


   Skills:
 + Level 1.5 Fighting
 - Level 1.7 Dodging
 * Level 3.4 Unarmed Combat
 + Level 2.1 Spellcasting
 * Level 2.8 Transmutations


You had 3 spell levels left.
You knew the following spells:

 Your Spells              Type           Power      Damage    Failure   Level
a - Beastly Appendage     Tmut           20%        N/A       7%          1
b - Wereblood             Tmut           10%        N/A       11%         2

Your spell library contained the following spells:

 Spells                   Type           Power      Damage    Failure   Level
 Sublimation of Blood     Necr           1%         N/A       32%         2
 Spider Form              Tmut/Pois      5%         N/A       36%         3
 Ignite Poison            Fire/Tmut/Pois 4%         N/A       41%         3
 Conjure Flame            Conj/Fire      1%         6-21      54%         3
 Inner Flame              Hex/Fire       1%         N/A       54%         3
 Ice Form                 Ice/Tmut       5%         N/A       77%         4
 Petrify                  Tmut/Erth      5%         N/A       77%         4
 Cause Fear               Hex            0%         N/A       91%         4
 Sticky Flame             Conj/Fire      1%         2d3       91%         4
 Irradiate                Conj/Tmut      2%         3d12      98%         5
 Discord                  Hex            0%         N/A       100%        8


Dungeon Overview and Level Annotations

Branches:
Dungeon (3/15)

Shops:
D:2 (

Annotations:
D:3 Grinder


Innate Abilities, Weirdness & Mutations

You have temporarily grown beastly horns and talons.
You have an increased reservoir of magic. (+10% MP)
You shall have no god before yourself.
Your divine heritage dramatically boosts your attributes as you level up.


Message History

You resist with significant effort.
Casting: Beastly Appendage (safe; 7% risk of failure)
Confirm with . or Enter, or press ? or * to list all spells.
You extend your transformation's duration.
Grinder hits you!
You writhe in agony.
You hit Grinder but do no damage. Your kick misses Grinder.
Your headbutt misses Grinder.
Grinder is lightly wounded.
Grinder hits you but does no damage.
The frilled lizard bites you but does no damage.
You hit Grinder.
Grinder is moderately wounded.
Grinder misses you. The frilled lizard closely misses you.
Casting: Beastly Appendage (safe; 7% risk of failure)
Confirm with . or Enter, or press ? or * to list all spells.
Your blood is infused with primal strength.
Grinder grins, showing sharp teeth.
Grinder hits you. The frilled lizard barely misses you.
You barely miss the frilled lizard. Grinder hits you.
You writhe in agony.
* * * LOW HITPOINT WARNING * * *
The frilled lizard barely misses you.
You barely miss the frilled lizard. You barely miss the frilled lizard.
Grinder closely misses you. The frilled lizard barely misses you.
You hit the frilled lizard but do no damage.
Grinder completely misses you. The frilled lizard bites you.
* * * LOW HITPOINT WARNING * * *
You barely miss the frilled lizard. You claw the frilled lizard.
The frilled lizard is heavily wounded.
Grinder hits you but does no damage. The frilled lizard closely misses you.
You hit the frilled lizard.
You feel a bit better.
You kill the frilled lizard!
Grinder gestures at you. Pain shoots through your body!
* * * LOW HITPOINT WARNING * * *
You hit Grinder. You claw Grinder.
Grinder is moderately wounded.
Your transformation is almost over.
Grinder hits you.
You die...

### #.. #.# ##### #.#
#...# #.#
########.5.###.#
........@....>.#
..........###..#######
..........##.........#
..........##...#####.#
..........##...#
######.........# ..#
#....###..# #.#
######.......###.
##.###......#.........#


You could see Grinder.

Vanquished Creatures
  3 adders (D:2)
  A worm (D:2)
  3 dart slugs
  6 ball pythons
  5 endoplasms
  A giant cockroach (D:2)
  4 goblins
  2 hobgoblins
  4 jackals (D:2)
  A quokka (D:2)
  3 bats
  4 frilled lizards
  2 kobolds (D:2)
  4 rats (D:1)
  2 bushes (D:2)
45 creatures vanquished.

Vanquished Creatures (others)
  A kraken (D:1)
  A demonspawn (D:1)
  An octopode (D:1)
  A gargoyle (D:1)
  A human (D:1)
  An orc (D:1)
  A kobold (D:1)
  4 plants (D:2)
  5 tentacles (D:1)
16 creatures vanquished.

Grand Total: 61 creatures vanquished

Notes
Turn   | Place    | Note
-------+----------+-------------------------------------------
     0 | D:1      | LustLizard the Demigod Transmuter began the quest for the
                  | Orb.
     0 | D:1      | Reached XP level 1. HP: 15/15 MP: 5/5
     0 | D:1      | Noticed a demonspawn
     0 | D:1      | Noticed a human
     0 | D:1      | Noticed a merfolk
     0 | D:1      | Noticed a gargoyle
     0 | D:1      | Noticed a kraken
     0 | D:1      | Noticed a demonspawn
     0 | D:1      | Noticed a merfolk
     0 | D:1      | Noticed a ghoul
     0 | D:1      | Noticed an octopode
     0 | D:1      | Noticed a gargoyle
     5 | D:1      | Killed a demonspawn
     6 | D:1      | Killed a gargoyle
     7 | D:1      | Killed a human
     9 | D:1      | Killed an octopode
     9 | D:1      | Killed a kraken
   327 | D:1      | Reached skill level 1 in Fighting
   672 | D:1      | Reached XP level 2. HP: 23/23 MP: 5/7
  1265 | D:1      | Reached skill level 3 in Unarmed Combat
  1431 | D:2      | Learned a level 2 spell: Wereblood
  1581 | D:2      | Found Enuilaiv's Weapon Boutique.
  1699 | D:2      | Reached XP level 3. HP: 27/28 MP: 6/8
  3070 | D:3      | Noticed Grinder
  3091 | D:3      | HP: 1/28 [Grinder/nerve-wracking pain (6)]
  3092 | D:3      | Slain by Grinder

Illustrated notes

Levels and vault maps discovered:
D:1:      nicolae_arrival_kraken_aquarium_a, layout_basic,
          ebering_ecumenical_altar_rust, minmay_crystal_water
D:2:      layout_loops_ring, serial_shops, shop, serial_forest,
          infiniplex_forest_lined_3, infiniplex_forest_clump_tiny,
          infiniplex_forest_clump_C, infiniplex_forest_straight_2,
          infiniplex_forest_clump_long, infiniplex_forest_lined_2,
          infiniplex_forest_zigzag_1, infiniplex_forest_straight_3
D:3:      layout_basic, mainiacjoe_overflow_tiny_flanked, uniq_grinder

Skill      XL: |  1  2 |
---------------+-------+-----
Fighting       | 1 |  1.5
Transmutations | 2 |  2.8
Unarmed Combat | 3 |  3.4
Spellcasting   | 2 |  2.1
Dodging        | |  1.7

Action                   || total
-------------------------++-------
Melee: Unarmed           ||   386
       Kick              ||    89
       Headbutt          ||    51
       Punch             ||    11
 Cast: Beastly Appendage ||    43
       Wereblood         ||     1
  Use: Potion            ||     1
 Stab: Sleeping          ||     2
Armor: Robe              ||    26
Dodge: Dodged            ||    57
